 Dungeon Crawl Stone Soup version 0.26-a0-835-g8259106e14 (webtiles) character file.

Game seed: 5041180485661430915

40 snetch the Magician (level 3, -3/25 HPs)
             Began as a Gnoll Hedge Wizard on Nov 17, 2020.
             Killed by divine providence
             ... invoked by an orc priest
              (11 damage)
             ... on level 2 of the Dungeon.
             The game lasted 00:06:15 (1834 turns).

snetch the Magician (Gnoll Hedge Wizard)            Turns: 1834, Time: 00:06:16

Health: -3/25      AC:  6    Str: 12    XL:     3   Next: 50%
Magic:  6/11       EV: 14    Int: 17    God:
Gold:   133        SH:  0    Dex: 14    Spells: 8/16 levels left

rFire    . . .     SeeInvis .   a - +0 dagger
rCold    . . .     Faith    .   (no shield)
rNeg     . . .     Spirit   .   e - +0 leather armour
rPois    .         Reflect  .   c - +0 hat
rElec    .         Harm     .   f - +0 cloak
rCorr    .         Rampage  .   v - +0 pair of gloves (curse)
MR       .....                  n - +0 pair of boots
Stlth    ++........             (no amulet)
HPRegen  0.08/turn              (no ring)
MPRegen  0.12/turn              (no ring)

@: no status effects
A: distributed training, fangs 1, strong nose
a: no special abilities


You were on level 2 of the Dungeon.
You visited 1 branch of the dungeon, and saw 3 of its levels.

You collected 133 gold pieces.

Inventory:

Hand Weapons
 a - a +0 dagger (weapon)
 q - a +0 spear
Missiles
 g - 80 stones (quivered)
 h - 2 curare-tipped darts
 j - 21 sling bullets
 s - 26 arrows
Armour
 c - a +0 hat (worn)
 e - a +0 leather armour (worn)
 f - a +0 cloak (worn)
 n - a +0 pair of boots (worn)
 v - a cursed +0 pair of gloves (worn)
 w - a +0 scale mail
Scrolls
 b - a scroll of random uselessness {unknown}
 d - a scroll of amnesia {unknown}
 k - 2 scrolls of identify {unknown}
 m - a scroll of blinking {unknown}
 o - a scroll of fear {unknown}
 p - 3 scrolls of teleportation {unknown}
 r - a scroll of remove curse {unknown}
Potions
 i - 2 potions of heal wounds {unknown}
 l - a potion of might {unknown}
 t - a potion of mutation {unknown}
 u - a potion of curing {unknown}


   Skills:
 + Level 0.8 Fighting
 + Level 0.8 Short Blades
 + Level 0.8 Long Blades
 + Level 0.8 Axes
 + Level 0.8 Maces & Flails
 + Level 0.8 Polearms
 + Level 0.8 Staves
 + Level 0.8 Slings
 + Level 0.8 Bows
 + Level 0.8 Crossbows
 + Level 0.8 Throwing
 + Level 0.8 Armour
 + Level 4.5 Dodging
 + Level 4.1 Stealth
 + Level 0.8 Shields
 + Level 0.8 Unarmed Combat
 + Level 7.1 Spellcasting
 + Level 2.1 Conjurations
 + Level 0.5 Hexes
 + Level 2.1 Summonings
 + Level 0.5 Necromancy
 + Level 2.1 Translocations
 + Level 0.5 Transmutations
 + Level 0.5 Fire Magic
 + Level 0.5 Ice Magic
 + Level 0.5 Air Magic
 + Level 0.5 Earth Magic
 + Level 0.5 Poison Magic
 + Level 1.0 Invocations
 + Level 0.8 Evocations


You had 8 spell levels left.
You knew the following spells:

 Your Spells              Type           Power        Failure   Level
a - Magic Dart            Conj           ##..         6%          1
b - Blink                 Tloc           N/A          9%          2
c - Call Imp              Summ           ##......     9%          2
d - Mephitic Cloud        Conj/Pois/Air  #.......     28%         3

Your spell library contained the following spells:

 Spells                   Type           Power        Failure   Level
 Slow                     Hex            #.......     17%         2
 Conjure Flame            Conj/Fire      ##......     26%         3


Dungeon Overview and Level Annotations

Branches:
Dungeon (3/15)

Altars:


Innate Abilities, Weirdness & Mutations

Your experience applies equally to all skills.
You have very sharp teeth.
Your uncanny sense of smell can sniff out nearby items.


Message History

An orc priest is nearby!
Casting: Magic Dart (safe; 6% risk of failure)
Confirm with . or Enter, or press ? or * to list all spells.
A beastly little devil appears in a puff of flame.
The orc priest calls down the wrath of Beogh upon you.
Beogh smites you!
You hear a shout!
Casting: Call Imp (safe; 9% risk of failure)
Confirm with . or Enter, or press ? or * to list all spells.
A shadowy apparition takes form in the air.
Casting: Call Imp (safe; 9% risk of failure)
Confirm with . or Enter, or press ? or * to list all spells.
Aiming: Magic Dart (safe; 6% risk of failure)
Press: ? - help, Shift-Dir - straight line, f - orc priest
Aim: an orc priest, wielding a -3 flail and wearing a cursed -1 chain mail The magic dart hits the orc priest.
The orc priest is lightly wounded.
The orc priest invokes the aid of Beogh against you.
Beogh smites you!
You die...

#########...).#####.......#.
..........)...'............>
............#####.#.###.#.
##.######'### #.#.....#.
####....###..# #.#.......
#.........[..# #.#.#####.
#.#.......#..# #......##.
#.#.≈...≈.#..# ###.##.##.
#.#.......#@.# #.##.##.
#.#.......#5.# #.##.##.
#.#.......#..# #.##.##.
#.#.≈...≈.#..# #.##.#..
#.#.......#.5# #.##.#.#
#.##.....##.o# ###.##.#.#
#.###.⌠.###..# #......#.#
#..#######...## #.#.####.#
##.........#..# #.#......#


You could see an orc priest, a friendly crimson imp (summoned) and a friendly
shadow imp (summoned).

Vanquished Creatures
  A dart slug (D:1)
  3 leopard geckos (D:1)
  2 giant cockroaches (D:1)
  A goblin (D:1)
  3 hobgoblins
  3 ball pythons (D:1)
  5 bats (D:1)
  4 frilled lizards (D:1)
  4 kobolds (D:1)
  4 rats (D:1)
30 creatures vanquished.

Vanquished Creatures (collateral kills)
  A dart slug (D:1)
  2 orcs (D:2)
3 creatures vanquished.

Grand Total: 33 creatures vanquished

Notes
Turn   | Place    | Note
-------+----------+-------------------------------------------
     0 | D:1      | snetch the Gnoll Hedge Wizard began the quest for the Orb.
     0 | D:1      | Reached XP level 1. HP: 13/13 MP: 8/8
   138 | D:1      | Reached XP level 2. HP: 19/19 MP: 1/10
   472 | D:1      | Learned a level 2 spell: Blink
   475 | D:1      | Learned a level 2 spell: Call Imp
   713 | D:1      | Reached XP level 3. HP: 21/25 MP: 3/11
  1195 | D:2      | Reached skill level 1 in Invocations
  1253 | D:2      | Learned a level 3 spell: Mephitic Cloud
  1271 | D:2      | HP: 1/25 [orc priest/divine providence (10)]
  1834 | D:2      | Killed from afar by an orc priest

Illustrated notes

Levels and vault maps discovered:
D:1:      dpeg_arrival_lava_temple_mockup, layout_loops_cross
D:2:      cheibrodos_pilgrimage, layout_basic
D:3:      layout_basic, chequers_temple_overflow_minitemple, uniq_sigmund,
          uniq_jessica, uniq_natasha, uniq_ijyb

Skill      XL: |  1  2  3 |
---------------+----------+-----
Conjurations   | 2 |  2.1
Summonings     | 2 |  2.1
Translocations | 2 |  2.1
Invocations    | 1 |  1.0
Fighting       | |  0.8
Short Blades   | |  0.8
Long Blades    | |  0.8
Axes           | |  0.8
Maces & Flails | |  0.8
Polearms       | |  0.8
Staves         | |  0.8
Slings         | |  0.8
Bows           | |  0.8
Crossbows      | |  0.8
Throwing       | |  0.8
Armour         | |  0.8
Dodging        | |  4.5
Stealth        | |  4.1
Shields        | |  0.8
Unarmed Combat | |  0.8
Spellcasting   | |  7.1
Hexes          | |  0.5
Necromancy     | |  0.5
Transmutations | |  0.5
Fire Magic     | |  0.5
Ice Magic      | |  0.5
Air Magic      | |  0.5
Earth Magic    | |  0.5
Poison Magic   | |  0.5
Evocations     | |  0.8

Action                   || total
-------------------------++-------
Melee: Dagger            ||    71
       Bite              ||     6
 Cast: Magic Dart        ||    44
       Call Imp          ||     6
       Blink             ||     1
 Stab: Sleeping          ||     7
Armor: Leather armour    ||    20
Dodge: Dodged            ||    61

Table legend: (Time is in decaauts)
 A = Elapsed time spent in this place.
 B = Non-inter-level travel time spent in this place.
 C = Inter-level travel time spent in this place.
 D = Time resting spent in this place.
 E = Time spent auto-exploring this place.
 F = Levels seen in this place.
 G = Mean time per level.
                   A        B        C        D        E       F      G
               +--------+--------+--------+--------+--------+-----+--------+
         Total |   1836 |   1808 |     28 |    303 |    900 |   3 |  612.0 |
       Dungeon |   1836 |   1808 |     28 |    303 |    900 |   3 |  612.0 |
               +--------+--------+--------+--------+--------+-----+--------+

Top non-repeatable levels by time:
     D:1: 1411 daAuts
     D:2: 422 daAuts
     D:3: 1 daAuts
